 Dungeon Crawl Stone Soup version 0.28.0-53-g5a82cb258f (webtiles) character file.

Game seed: 15250877854611677493

163 MisterFreud the Covert (level 5, -2/47 HPs)
             Began as a Gnoll Delver on June 30, 2022.
             Slain by a water moccasin zombie (5 damage)
             ... in an ossuary.
             The game lasted 00:02:48 (603 turns).

MisterFreud the Covert (Gnoll Delver)                Turns: 603, Time: 00:02:49

Health: -2/47      AC:  3    Str:  8 (11) XL:     5   Next: 44%
Magic:  7/7        EV: 12    Int:  8 (11) God:
Gold:   0          SH:  0    Dex: 12 (14) Spells: 7/7 levels left

rFire   . . .      SeeInvis .   a - +0 short sword
rCold   . . .      Faith    .   (no shield)
rNeg    . . .      Spirit   .   b - +0 leather armour
rPois   .          Reflect  .   (no helmet)
rElec   .          Harm     .   (no cloak)
rCorr   .          Rampage  .   (no gloves)
Will    .....                   (no boots)
Stlth   ++++......              (no amulet)
HPRegen 0.15/turn               (no ring)
MPRegen 0.10/turn               (no ring)

@: no status effects
A: fangs 1, strong nose, distributed training
a: no special abilities


You were in an ossuary.
You visited 1 branch of the dungeon, and saw 5 of its levels.
You also visited: Ossuary.

Inventory:

Hand Weapons
 a - a +0 short sword (weapon)
Armour
 b - a +0 leather armour (worn)
Wands
 g - a wand of digging (3)
 h - a wand of paralysis (8)
Scrolls
 c - a scroll of fog
 d - a scroll of brand weapon {unknown}
 e - a scroll of fear
Potions
 f - a potion of haste
 i - a potion of degeneration
 j - 2 potions of flight {unknown}
 k - a potion of brilliance {unknown}
 l - a potion of berserk rage {unknown}


   Skills:
 + Level 6.7 Fighting
 + Level 4.8 Short Blades
 + Level 1.5 Long Blades
 + Level 1.5 Axes
 + Level 1.5 Maces & Flails
 + Level 1.5 Polearms
 + Level 1.5 Staves
 + Level 1.5 Slings
 + Level 1.5 Bows
 + Level 1.5 Crossbows
 + Level 1.5 Throwing
 + Level 1.5 Armour
 + Level 4.8 Dodging
 + Level 9.7 Stealth
 + Level 1.5 Shields
 + Level 1.5 Unarmed Combat
 + Level 1.5 Spellcasting
 + Level 1.2 Conjurations
 + Level 1.2 Hexes
 + Level 1.2 Summonings
 + Level 1.2 Necromancy
 + Level 1.2 Translocations
 + Level 1.2 Transmutations
 + Level 1.2 Fire Magic
 + Level 1.2 Ice Magic
 + Level 1.2 Air Magic
 + Level 1.2 Earth Magic
 + Level 1.2 Poison Magic
 + Level 1.7 Invocations
 + Level 1.5 Evocations


You had 7 spell levels left.
You didn't know any spells.
Your spell library was empty.

Dungeon Overview and Level Annotations

Branches:
Dungeon (6/15)             Temple (0/1) D:4         Ossuary (1/1)

Altars:


Innate Abilities, Weirdness & Mutations

You have very sharp teeth.
Your uncanny sense of smell can sniff out nearby items.
Your experience applies equally to all skills.


Message History

You barely miss the water moccasin zombie.
You bite the water moccasin zombie.
The water moccasin zombie is severely damaged.
The water moccasin zombie bites you but does no damage.
You are too injured to fight recklessly!
You barely miss the water moccasin zombie.
The water moccasin zombie is severely damaged.
The water moccasin zombie bites you.
You are too injured to fight recklessly!
You hit the water moccasin zombie but do no damage.
You bite the water moccasin zombie.
The water moccasin zombie is almost destroyed.
The water moccasin zombie bites you.
* * * LOW HITPOINT WARNING * * *
You are too injured to fight recklessly!
You hit the water moccasin zombie but do no damage.
The water moccasin zombie is almost destroyed.
The water moccasin zombie completely misses you.
You closely miss the water moccasin zombie.
Your bite misses the water moccasin zombie.
The water moccasin zombie is almost destroyed.
The water moccasin zombie bites you.
* * * LOW HITPOINT WARNING * * *
You barely miss the water moccasin zombie.
The water moccasin zombie is almost destroyed.
The water moccasin zombie bites you but does no damage.
You closely miss the water moccasin zombie.
The water moccasin zombie is almost destroyed.
The water moccasin zombie misses you.
You hit the water moccasin zombie. You punch the water moccasin zombie.
The water moccasin zombie is almost destroyed.
The water moccasin zombie bites you.
* * * LOW HITPOINT WARNING * * *
The water moccasin zombie completely misses you.
There is an open door here.
It was a potion of degeneration.
There was something very wrong with that liquid.
You feel weakened.
You feel dopey.
You feel clumsy. The water moccasin zombie bites you.
You die...

#...# ###'#
#...# #...#
#...# #...#
###########'##
+....#...#...#
#....'..Z@...#
#....#...#...#
##############


You could see a water moccasin zombie.

Vanquished Creatures
  A water moccasin zombie (Ossuary)
  A hound (D:4)
  5 adders
  An adder zombie (Ossuary)
  5 orcs (D:3)
  2 goblins (D:3)
  A quokka (D:3)
  6 gnoll zombies (Ossuary)
  3 hobgoblin zombies (Ossuary)
  3 kobold zombies (Ossuary)
  2 orc zombies (Ossuary)
  A rat (D:3)
31 creatures vanquished.

Vanquished Creatures (others)
  5 plants (D:3)
5 creatures vanquished.

Grand Total: 36 creatures vanquished

Notes
Turn   | Place    | Note
-------+----------+-------------------------------------------
     0 | D:5      | Reached skill level 9 in Stealth
     0 | D:5      | MisterFreud the Gnoll Delver began the quest for the Orb.
     0 | D:5      | Reached XP level 1. HP: 23/23 MP: 1/1
     6 | D:6      | Noticed an iguana
    59 | D:4      | Reached XP level 2. HP: 29/29 MP: 2/2
    66 | D:4      | Noticed a scorpion
   102 | D:3      | Reached XP level 3. HP: 32/35 MP: 3/3
   129 | D:3      | Reached skill level 1 in Invocations
   148 | D:3      | Reached skill level 1 in Long Blades
   148 | D:3      | Reached skill level 1 in Axes
   148 | D:3      | Reached skill level 1 in Maces & Flails
   148 | D:3      | Reached skill level 1 in Polearms
   148 | D:3      | Reached skill level 1 in Staves
   148 | D:3      | Reached skill level 1 in Slings
   148 | D:3      | Reached skill level 1 in Bows
   148 | D:3      | Reached skill level 1 in Crossbows
   148 | D:3      | Reached skill level 1 in Throwing
   148 | D:3      | Reached skill level 1 in Armour
   148 | D:3      | Reached skill level 1 in Shields
   148 | D:3      | Reached skill level 1 in Unarmed Combat
   148 | D:3      | Reached skill level 1 in Spellcasting
   148 | D:3      | Reached skill level 1 in Evocations
   173 | D:3      | Reached XP level 4. HP: 23/41 MP: 5/5
   256 | D:4      | Reached skill level 1 in Conjurations
   256 | D:4      | Reached skill level 1 in Hexes
   256 | D:4      | Reached skill level 1 in Summonings
   256 | D:4      | Reached skill level 1 in Necromancy
   256 | D:4      | Reached skill level 1 in Translocations
   256 | D:4      | Reached skill level 1 in Transmutations
   256 | D:4      | Reached skill level 1 in Fire Magic
   256 | D:4      | Reached skill level 1 in Ice Magic
   256 | D:4      | Reached skill level 1 in Air Magic
   256 | D:4      | Reached skill level 1 in Earth Magic
   256 | D:4      | Reached skill level 1 in Poison Magic
   287 | D:4      | Found a sand-covered staircase.
   292 | Ossuary  | Entered an ossuary
   393 | Ossuary  | Reached XP level 5. HP: 37/47 MP: 5/7
   599 | Ossuary  | HP: 2/47 [water moccasin zombie (6)]
   603 | Ossuary  | Slain by a water moccasin zombie

Illustrated notes

Levels and vault maps discovered:
D:2:      layout_basic, corexii_leaking_fountain, minivault_19, uniq_robin,
          uniq_crazy_yiuf_cottage
D:3:      cheibrodos_old_hovel, layout_loops_ring, minmay_misc_feat_iff
D:4:      layout_loops_corners, minmay_temple_entry_gardened_gates,
          enter_ossuary_5, minmay_close_crescents, uniq_blork_the_orc
D:5:      layout_loops_ring, mainiacjoe_overflow_concentric_impassable,
          uniq_prince_ribbit1, uniq_duvessa
D:6:      layout_gridville
Ossuary:  ossuary_tomb_2

Skill      XL: |  1  2  3  4 |
---------------+-------------+-----
Stealth        | |  9.7
Invocations    | 1 |  1.7
Long Blades    | 1 |  1.5
Axes           | 1 |  1.5
Maces & Flails | 1 |  1.5
Polearms       | 1 |  1.5
Staves         | 1 |  1.5
Slings         | 1 |  1.5
Bows           | 1 |  1.5
Crossbows      | 1 |  1.5
Throwing       | 1 |  1.5
Armour         | 1 |  1.5
Shields        | 1 |  1.5
Unarmed Combat | 1 |  1.5
Spellcasting   | 1 |  1.5
Evocations     | 1 |  1.5
Conjurations   | 1 |  1.2
Hexes          | 1 |  1.2
Summonings     | 1 |  1.2
Necromancy     | 1 |  1.2
Translocations | 1 |  1.2
Transmutations | 1 |  1.2
Fire Magic     | 1 |  1.2
Ice Magic      | 1 |  1.2
Air Magic      | 1 |  1.2
Earth Magic    | 1 |  1.2
Poison Magic   | 1 |  1.2
Fighting       | |  6.7
Short Blades   | |  4.8
Dodging        | |  4.8

Action                   |  1- 3 |  4- 6 || total
-------------------------+-------+-------++-------
Melee: Short sword       |    38 |   107 ||   145
       Bite              |     1 |    11 ||    12
       Punch             |     1 |     2 ||     3
  Use: Scroll            |     1 |       ||     1
       Potion            |       |     1 ||     1
 Stab: Sleeping          |     4 |     5 ||     9
Armor: Leather armour    |     6 |    19 ||    25
Dodge: Dodged            |    18 |    49 ||    67
